Match 37854376
Unlisted

Match 37854376
End
Construct Infanterie Kompanie
MG 42 Machine Gun Team
Grenadier Squad
Grenadier Squad
MG 42 Machine Gun Team
Construct Panzergrenadier Kompanie
Panzergrenadier Squad
Pak 40 Anti-tank Gun Team
251 Medium Carrier
Medical Station
Construct Panzer Kompanie
Selects Mechanized Battlegroup
Selects Raid Package
Selects 8 Rad Armored Car
Selects UNKNOWN (2160084)
Selects Mobile Repair Stations
Panther Heavy Tank
Stoßtruppen Squad
Selects Stoßtruppen Assault Package
Panther Heavy Tank
Selects Zeroing Artillery Barrage
Stoßtruppen Squad
Panzergrenadier Squad
=BIA=Daghito
=BIA=Obersky
lumezzz1919
qZeto
BIOHAZARD
Sauzer88
0
0

Comments sign in to comment!

No comments posted yet!